 Dungeon Crawl Stone Soup version 0.23.2 (webtiles) character file.

Game seed: 7825057962909409317

112 Fang the Skirmisher (level 4, -10/43 HPs)
             Began as a Gargoyle Berserker on Apr 4, 2019.
             Was a Believer of Trog.
             Splashed by Ijyb's acid (12 damage)
             ... on level 3 of the Dungeon.
             The game lasted 00:02:17 (2183 turns).

Fang the Skirmisher (Gargoyle Berserker)            Turns: 2183, Time: 00:02:18

Health: -10/43     AC:  1    Str: 26    XL:     4   Next: 93%
Magic:  4/4        EV: 12    Int:  8    God:    Trog [**....]
Gold:   119        SH:  0    Dex:  9    Spells: 3/3 levels left

rFire    . . .     SeeInvis .   a - +0 hand axe
rCold    . . .     Gourm    .   (no shield)
rNeg     + . .     Faith    .   b - +0 animal skin
rPois    ∞         Spirit   .   (no helmet)
rElec    +         Reflect  .   (no cloak)
rCorr    .         Harm     .   (no gloves)
MR       .....                  (no boots)
Stlth    ..........             (no amulet)
HPRegen  0.14/turn              (no ring)
MPRegen  0.09/turn              (no ring)

@: berserking, corroded, very quick
A: negative energy resistance 1, electricity resistance, unbreathing,
petrification resistance, rot immunity, AC +3
a: Berserk, Trog's Hand, Renounce Religion


You were on level 3 of the Dungeon.
You worshipped Trog.
Trog was pleased with you.
You were hungry.

You visited 1 branch of the dungeon, and saw 3 of its levels.

You collected 119 gold pieces.

Inventory:

Hand Weapons
 a - a +0 hand axe (weapon)
Armour
 b - a +0 animal skin (worn)
Scrolls
 e - 2 scrolls of noise {unknown}
 f - a scroll of fog {unknown}
 h - a scroll of amnesia {unknown}
 i - a scroll of enchant armour {unknown}
 j - 3 scrolls of identify {unknown}
 p - a scroll of remove curse {unknown}
 q - a scroll of fear {unknown}
 r - a scroll of teleportation {unknown}
Potions
 g - a potion of lignification {unknown}
 k - a potion of brilliance {unknown}
 l - a potion of heal wounds {unknown}
 m - 2 potions of curing {unknown}
 n - a potion of resistance {unknown}
 o - a potion of might {unknown}
Comestibles
 c - 7 rations
 d - 2 chunks of flesh


   Skills:
 + Level 4.1 Fighting
 + Level 3.3 Axes
 + Level 3.3 Armour
 + Level 2.4 Dodging


You had 3 spell levels left.
You didn't know any spells.
Your spell library was empty.

Dungeon Overview and Level Annotations

Branches:
Dungeon (3/15)

Altars:
Ashenzari
Kikubaaqudgha
Qazlal
Sif Muna
Vehumet

Annotations:
D:3 Ijyb


Innate Abilities, Weirdness & Mutations

You are resistant to torment.
Your stone body is resilient. (AC +3)
You are immune to poison.
You resist negative energy. (rN+)
You are resistant to electric shocks. (rElec)
You can survive without breathing.
You are immune to petrification.
You are immune to rotting.


Message History

You are too injured to fight recklessly!
You are too injured to fight recklessly!
You are too injured to fight recklessly!
You are too injured to fight recklessly!
You are too injured to fight recklessly!
You are too injured to fight recklessly!
You are too injured to fight recklessly!
You are too injured to fight recklessly!
You are too injured to fight recklessly!
You are too injured to fight recklessly!
You hit the goblin.
You kill the goblin!
Trog accepts your kill.
You closely miss the jackal. You hit the jackal.
You kill the jackal!
Trog accepts your kill. The jackal bites you.
Ijyb zaps a wand.
The bolt of acid hits you!
* * * LOW HITPOINT WARNING * * *
You are splashed with acid!
You die...

..######.#########.
.# .........# #. ..#
#.#####..# #. ....
#. #..# #.
..#.##.#####..# ##
..............####
#.....%.........#
#....h..###.###.####
# #8....@8# ...#
##...## #....†).#
.#... #... #8.%..g8#
. .#.. #)..##
#.......### ##..###.
# #8.....8# .# #
#.......# # #. #
#8.....8# #. #
#..$.)..# ##.# #
##...##


You could see Ijyb and a jackal.

Vanquished Creatures
  3 adders (D:2)
  A worm (D:3)
  A dart slug (D:1)
  5 orcs (D:3)
  A ball python (D:1)
  2 giant cockroaches (D:2)
  11 goblins
  6 hobgoblins
  6 jackals
  3 quokkas
  8 bats
  6 frilled lizards
  9 kobolds
  9 rats
71 creatures vanquished.

Vanquished Creatures (others)
  A goblin (D:3)
1 creature vanquished.

Grand Total: 72 creatures vanquished

Notes
Turn   | Place    | Note
-------+----------+-------------------------------------------
     0 | D:1      | Fang the Gargoyle Berserker began the quest for the Orb.
     0 | D:1      | Reached XP level 1. HP: 14/14 MP: 1/1
    74 | D:1      | Reached XP level 2. HP: 19/19 MP: 2/2
   379 | D:1      | Reached XP level 3. HP: 19/23 MP: 3/3
   649 | D:2      | Reached ** piety under Trog
   669 | D:2      | Found a shattered altar of Ashenzari.
   745 | D:2      | Reached XP level 4. HP: 14/29 MP: 4/4
  1339 | D:2      | Found a deep blue altar of Sif Muna.
  1349 | D:2      | Found a stormy altar of Qazlal.
  1455 | D:2      | Found an ancient bone altar of Kikubaaqudgha.
  1834 | D:3      | Reached skill level 4 in Fighting
  1836 | D:3      | Found a radiant altar of Vehumet.
  2175 | D:3      | Noticed Ijyb
  2183 | D:3      | HP: 2/43 [Ijyb/wand of acid (12) (14)]
  2183 | D:3      | Splashed by Ijyb's acid

Skill      XL: |  1  2  3  4 |
---------------+-------------+-----
Axes           | 3 |  3.3
Dodging        | 2 |  2.4
Armour         | 3 |  3.3
Fighting       | 4 |  4.1

Action                   |  1- 3 |  4- 6 || total
-------------------------+-------+-------++-------
Melee: Hand axe          |   104 |    95 ||   199
Invok: Berserk           |       |     3 ||     3
 Stab: Sleeping          |       |     1 ||     1
  Eat: Chunk             |       |     6 ||     6
Armor: Animal skin       |    57 |    27 ||    84
Dodge: Dodged            |    84 |    74 ||   158
